 Dungeon Crawl Stone Soup version 0.31-a0-977-gc230f8ef24 (webtiles) character file.

Game seed: 13078207005933815477

267 Xavori the Trooper (level 6, -1/47 HPs)
             Began as a Djinni Chaos Knight on Oct 29, 2023.
             Was a Plaything of Xom.
             Slain by an orc priest
             ... wielding a +0 war axe
              (6 damage)
             ... on level 4 of the Dungeon.
             The game lasted 00:03:42 (10783 turns).

Xavori the Trooper (Djinni Chaos Knight)           Turns: 10783, Time: 00:03:44

Health: -1/47      AC:  7    Str:  9      XL:     6   Next: 45%
Gold:   122        EV: 13    Int: 12      God:    Xom [.....*] SH:  0 Dex: 21 (22)

rFire   + + .        a - +0 falchion (chaos)
rCold   x . .        (no shield)
rNeg    . . .        b - +2 leather armour
rPois   ∞            (no helmet)
rElec   .            j - +1 cloak {Stlth+}
rCorr   .            (no gloves)
SInv    .            (boots unavailable)
Will    +....        e - amulet of regeneration
Stlth   +++          (no ring)
HPRegen 1.07/turn    (no ring)
MPRegen 0.00/turn

%: infuse magic (-2 HP)
@: flying
A: sickness immunity, fire resistance 2, cold vulnerability 1, float, innate
caster, HP casting, extra vitality 1, agile 2, deterioration 1, strong-willed 1,
screaming 1, inability to read after injury 2
a: Renounce Religion


You were on level 4 of the Dungeon.
You worshipped Xom.
You were Xom's teddy bear.
You visited 1 branch of the dungeon, and saw 4 of its levels.

You collected 122 gold pieces.

Inventory:

Hand Weapons
 a - a +0 falchion of chaos (weapon)
Armour
 b - a +2 leather armour (worn)
 j - a +1 cloak of stealth (worn)
Jewellery
 e - an amulet of regeneration (around neck)
 u - a +6 ring of intelligence
Wands
 i - a wand of iceblast (4)
 v - a wand of light (4)
Scrolls
 c - a scroll of butterflies
 d - a scroll of teleportation {unknown}
 l - a scroll of revelation {unknown}
 m - a scroll of summoning {unknown}
 n - 2 scrolls of enchant weapon {unknown}
 p - 3 scrolls of fear
 q - a scroll of blinking {unknown}
 t - a scroll of poison {unknown}
 x - a scroll of immolation {unknown}
Potions
 f - a potion of cancellation {unknown}
 g - 2 potions of curing
 h - a potion of ambrosia {unknown}
 k - 4 potions of might
 o - a potion of degeneration {unknown}
 r - a potion of brilliance {unknown}
 s - 3 potions of lignification
 w - a potion of mutation {unknown}
 z - a potion of heal wounds {unknown}


   Skills:
 + Level 3.8 Fighting
 + Level 3.4 Long Blades
 + Level 2.4 Armour
 + Level 3.3 Dodging
 * Level 2.0 Spellcasting
 * Level 2.0 Conjurations
 * Level 2.0 Hexes
   Level 0.0 Charms
 * Level 2.0 Summonings
 * Level 2.0 Necromancy
 * Level 2.0 Translocations
 * Level 2.0 Transmutations
 * Level 2.0 Fire Magic
 * Level 2.0 Ice Magic
 * Level 2.0 Air Magic
 * Level 2.0 Earth Magic
 * Level 2.0 Poison Magic
 + Level 1.6 Evocations


You knew the following spells:

 Your Spells              Type           Power      Damage    Failure   Level
a - Summon Small Mammal   Summ           24%        N/A       16%         1
b - Scorch                Fire           12%        2d5       24%         2
Your spell library was empty.

Dungeon Overview and Level Annotations

Branches:
Dungeon (4/15)
 Temple: D:4-7

Altars:
Xom

Annotations:
D:3 2 transporters, timneilson's ghost, amateur HuSh


Innate Abilities, Weirdness & Mutations

You are immune to sickness and miasma.
You are immune to poison.
Your flesh is very heat resistant. (rF++)
You are vulnerable to cold. (rC-)
You float through the air rather than walking.
You learn spells naturally, not from books.
Your magical power is your life essence.
You have superior vitality. (+4 MHP)
You are very agile. (Dex +8, Str/Int -2)
Your body sometimes deteriorates upon taking damage.
You are strong-willed. (Will+)
You occasionally shout uncontrollably at your foes.
You sometimes lose the ability to read scrolls when taking damage.


Message History

The orc's fire resistance burns away.
The orc priest casts a cantrip, but nothing happens.
Okay, then.
You barely miss the orc.
The orc hits you with a +0 heavy falchion!
Your body deteriorates!
You feel clumsy. The orc misses you.
Aiming: Bolt of Light
Press: ? - help, Shift-Dir - straight line, f - orc
Aim: an orc, wielding a +0 flail (heavily wounded, more vulnerable to fire, 71% to hit)
Okay, then.
Aiming: Iceblast
Press: ? - help, Shift-Dir - straight line The mass of ice explodes!
The iceblast engulfs the orc priest.
The orc priest is lightly wounded.
The iceblast engulfs the orc!
You kill the orc!
You hear a shout!
Unknown command.
You hit the orc priest. You freeze the orc priest.
The orc priest is moderately wounded.
The orc misses you.
The orc priest looks braver for a moment.
The orc priest hits you but does no damage.
You closely miss the orc priest.
The orc priest is moderately wounded.
The orc priest hits you with a +0 war axe.
The orc priest hits you with a +0 mace. The orc barely misses you.
You slash the orc priest! You burn the orc priest.
The orc priest is severely wounded.
The orc priest mumbles some strange prayers to Beogh against you.
Beogh smites you! The orc priest hits you with a +0 mace.
* * * LOW HITPOINT WARNING * * *
You closely miss the orc priest.
The orc priest is severely wounded.
The orc hits you with a +0 heavy falchion!
* * * LOW HITPOINT WARNING * * *
The orc priest hits you with a +0 war axe.
You die...
Xom giggles madly!

.......#...#.#
.......><....
......#.#...
...........
.......... ##
....$.... ..
......oo##.#
#o@...#
##.#### #.#
####.# +....#
####.#
##.#####
+..##..
#...#.#


You could see 2 orc priests and an orc.

Vanquished Creatures
  An ogre (D:4)
  A phantom (D:3)
  A hound (D:4)
  2 adders
  3 worms
  A dart slug (D:4)
  An orc (D:4)
  4 ball pythons
  5 endoplasms
  A giant cockroach (D:1)
  5 goblins
  5 hobgoblins
  6 kobolds
  4 quokkas
  4 bats
  4 frilled lizards
  4 rats
52 creatures vanquished.

Notes
Turn   | Place    | Note
-------+----------+-------------------------------------------
     0 | D:1      | Xavori the Djinni Chaos Knight began the quest for the Orb.
     0 | D:1      | Reached XP level 1. HP: 20/20 MP: 0/0
   168 | D:1      | Reached XP level 2. HP: 22/25 MP: 0/0
   174 | D:1      | XOM: divination: magic mapping
   332 | D:1      | XOM: divination: magic mapping
   454 | D:1      | XOM: noise
   621 | D:1      | Reached XP level 3. HP: 30/30 MP: 0/0
   621 | D:1      | Learned a level 1 spell: Summon Small Mammal
   812 | D:1      | XOM: silly message
   856 | D:1      | XOM: noise
   902 | D:1      | Found a faded altar of an unknown god.
  1182 | D:1      | XOM: summons 2 hostile demons
  1314 | D:2      | XOM: summons 4 hostile shadow creatures
  1899 | D:1      | XOM: summons 1 hostile demon
  1900 | D:1      | Noticed a red devil
  2530 | D:1      | XOM: summons 3 hostile shadow creatures
  2719 | D:1      | XOM: give mutations
  2719 | D:1      | Gained mutation: You possess an exceptional clarity of
                  | mind. [Xom's grace]
  2719 | D:1      | Gained mutation: You are somewhat resistant to further
                  | mutation. [Xom's grace]
  2833 | D:1      | XOM: god gift: wand of iceblast (5)
  3544 | D:1      | XOM: god gift: blue potion {god gift}
  3597 | D:1      | XOM: scenery: summon butterflies
  4057 | D:1      | XOM: god gift: silvery potion {god gift}
  4480 | D:1      | XOM: scenery: create altars
  4651 | D:1      | XOM is BORED!
  4651 | D:1      | XOM: smoke on damage
  4651 | D:1      | XOM: torment (16/30 hp)
  4843 | D:1      | XOM: 3-stop teleportation journey
  5467 | D:1      | XOM: give mutations
  5467 | D:1      | Lost mutation: You possess an exceptional clarity of mind.
                  | [Xom's mischief]
  5467 | D:1      | Gained mutation: You occasionally shout uncontrollably at
                  | your foes. [Xom's mischief]
  5467 | D:1      | Gained mutation: You occasionally lose the ability to drink
                  | potions when taking damage. [Xom's mischief]
  5467 | D:1      | Lost mutation: You are somewhat resistant to further
                  | mutation. [Xom's mischief]
  5791 | D:1      | XOM: torment (16/30 hp)
  6324 | D:1      | XOM: summons 2 hostile demons
  6513 | D:2      | XOM: torment (16/30 hp)
  6738 | D:1      | XOM: stat loss: -1 Dex (13/14)
  7279 | D:1      | XOM: give mutation
  7279 | D:1      | Gained mutation: You occasionally lose the ability to read
                  | scrolls when taking damage. [Xom's mischief]
  7872 | D:1      | XOM: give mutations
  7872 | D:1      | Lost mutation: You occasionally lose the ability to drink
                  | potions when taking damage. [Xom's mischief]
  7872 | D:1      | Gained mutation: You sometimes lose the ability to read
                  | scrolls when taking damage. [Xom's mischief]
  7872 | D:1      | Gained mutation: Your body sometimes deteriorates upon
                  | taking damage. [Xom's mischief]
  7933 | D:1      | XOM: silly message
  7992 | D:1      | XOM is BORED!
  8331 | D:1      | XOM: noise
  8858 | D:1      | XOM: god gift: +1 cloak of stealth
  8907 | D:1      | XOM: scenery: 1 doors open
  9078 | D:1      | XOM: god gift: murky clear potion {god gift}
  9120 | D:1      | XOM: give mutations
  9120 | D:1      | Gained mutation: You are strong-willed. (Will+) [Xom's
                  | grace]
  9120 | D:1      | Gained mutation: You are agile. (Dex +4, Str/Int -1) [Xom's
                  | grace]
  9314 | D:1      | XOM: god gift: 2 viscous pink potions {god gift}
  9651 | D:1      | XOM: summons 2 hostile shadow creatures
  9797 | D:2      | Reached skill level 1 in Spellcasting
  9797 | D:2      | Reached skill level 1 in Conjurations
  9797 | D:2      | Reached skill level 1 in Hexes
  9797 | D:2      | Reached skill level 1 in Summonings
  9797 | D:2      | Reached skill level 1 in Necromancy
  9797 | D:2      | Reached skill level 1 in Translocations
  9797 | D:2      | Reached skill level 1 in Transmutations
  9797 | D:2      | Reached skill level 1 in Fire Magic
  9797 | D:2      | Reached skill level 1 in Ice Magic
  9797 | D:2      | Reached skill level 1 in Air Magic
  9797 | D:2      | Reached skill level 1 in Earth Magic
  9797 | D:2      | Reached skill level 1 in Poison Magic
 10186 | D:2      | XOM: stat loss: -1 Dex (16/18)
 10210 | D:3      | Noticed a phantom
 10218 | D:3      | Killed a phantom
 10219 | D:3      | Reached skill level 1 in Evocations
 10219 | D:3      | Reached XP level 4. HP: 35/35 MP: 0/0
 10219 | D:3      | Reached XP level 5. HP: 40/40 MP: 0/0
 10219 | D:3      | Learned a level 2 spell: Scorch
 10391 | D:3      | XOM: polymorph frilled lizard -> goblin
 10392 | D:3      | XOM: god gift: long fluorescent wand {god gift}
 10442 | D:3      | XOM: 5-stop teleportation journey
 10456 | D:3      | Found a transporter.
 10471 | D:3      | XOM: give mutation
 10471 | D:3      | Gained mutation: You are very agile. (Dex +8, Str/Int -2)
                  | [Xom's grace]
 10553 | D:3      | Found a transporter.
 10565 | D:3      | Noticed timneilson's ghost (amateur HuSh)
 10621 | D:4      | XOM: stealth player
 10735 | D:4      | Noticed an ogre
 10743 | D:4      | Killed an ogre
 10744 | D:4      | Reached XP level 6. HP: 5/47 MP: 0/0
 10783 | D:4      | Slain by an orc priest

Illustrated notes

Levels and vault maps discovered:
D:1:      matt_arrival_refuge, layout_basic,
          chequers_ecumenical_altar_simple_redux, serial_bayou_lagoon_a
D:2:      layout_loops_ring, st_stairs_13
D:3:      layout_rooms, gammafunk_ghost_gnarly_gnolls,
          nicolae_concentric_dashed_squares_wild
D:4:      nicolae_cairo_tiling_large, layout_basic, kennysheep_mini_moat,
          mainiacjoe_ossuary_entry_dusty_tomb

Skill      XL: |  1  2  3  4  5 |
---------------+----------------+-----
Spellcasting   | 1 2 |  2.0
Conjurations   | 1 2 |  2.0
Hexes          | 1 2 |  2.0
Summonings     | 1 2 |  2.0
Necromancy     | 1 2 |  2.0
Translocations | 1 2 |  2.0
Transmutations | 1 2 |  2.0
Fire Magic     | 1 2 |  2.0
Ice Magic      | 1 2 |  2.0
Air Magic      | 1 2 |  2.0
Earth Magic    | 1 2 |  2.0
Poison Magic   | 1 2 |  2.0
Long Blades    | 3 |  3.4
Evocations     | 1 |  1.6
Armour         | 2 |  2.4
Dodging        | 3 |  3.3
Fighting       | |  3.8

Action                     |  1- 3 |  4- 6 || total
---------------------------+-------+-------++-------
  Melee: Falchion          |   100 |    45 ||   145
   Cast: Scorch            |       |     1 ||     1
  Evoke: Wand              |       |     2 ||     2
    Use: Potion            |     4 |       ||     4
         Scroll            |       |     1 ||     1
   Stab: Sleeping          |     4 |     7 ||    11
 Armour: Leather armour    |    51 |    22 ||    73
  Dodge: Dodged            |    64 |    28 ||    92

Table legend: (Time is in decaauts)
 A = Elapsed time spent in this place.
 B = Non-inter-level travel time spent in this place.
 C = Inter-level travel time spent in this place.
 D = Time resting spent in this place.
 E = Time spent auto-exploring this place.
 F = Levels seen in this place.
 G = Mean time per level.
                   A        B        C        D        E       F      G
               +--------+--------+--------+--------+--------+-----+--------+
         Total |  10810 |  10722 |     88 |   8522 |   1630 |   4 | 2702.5 |
       Dungeon |  10810 |  10722 |     88 |   8522 |   1630 |   4 | 2702.5 |
               +--------+--------+--------+--------+--------+-----+--------+

Top non-repeatable levels by time:
     D:1: 9093 daAuts
     D:2: 1136 daAuts
     D:3: 414 daAuts
     D:4: 165 daAuts
